 Dungeon Crawl Stone Soup version 0.24.0-123-gd5b16e6ec5 (webtiles) character file.

Game seed: 10399854325732952026, levelgen mode: deterministic

0 glosham the Skirmisher (level 1, -9/18 HPs)
             Began as a Mummy Abyssal Knight on Jan 2, 2020.
             Was a Follower of Lugonu.
             Killed from afar by a raiju (15 damage)
             ... with a living lightning
             ... on level 1 of the Abyss.
             The game lasted 00:04:00 (77 turns).

glosham the Skirmisher (Mummy Abyssal Knight)         Turns: 77, Time: 00:04:00

Health: -9/18      AC:  3    Str: 15    XL:     1   Next: 0%
Magic:  2/2        EV: 11    Int: 11    God:    Lugonu [*.....]
Gold:   0          SH:  0    Dex: 11    Spells: 0/0 levels left

rFire    x . .     SeeInvis .   a - +1 hand axe
rCold    + . .     Gourm    .   (no shield)
rNeg     + + +     Faith    .   b - +0 leather armour
rPois    ∞         Spirit   .   (no helmet)
rElec    .         Reflect  .   (no cloak)
rCorr    .         Harm     .   (no gloves)
MR       .....                  (no boots)
Stlth    +.........             (no amulet)
HPRegen  0.06/turn              (no ring)
MPRegen  0.08/turn              (no ring)

@: no status effects
A: no food or potions, fire vulnerability, cold resistance 1, negative energy
resistance 3, torment resistance, unbreathing
a: Depart the Abyss, Renounce Religion


You were on level 1 of the Abyss.
You worshipped Lugonu.
Lugonu was aware of your devotion.
You were not hungry.

You visited 0 branches of the dungeon, and saw 0 of its levels.
You visited the Abyss 1 time.

Inventory:

Hand Weapons
 a - a +1 hand axe (weapon)
Armour
 b - a +0 leather armour (worn)
 c - a +0 buckler
 d - a +0 ring mail


   Skills:
 - Level 3.0 Fighting
 * Level 1.5 Axes
 - Level 1.5 Armour
 - Level 0.7 Dodging
 - Level 1.5 Invocations


You couldn't memorise any spells.
You didn't know any spells.
Your spell library was empty.

Dungeon Overview and Level Annotations

Branches:
Dungeon (0/15)

Altars:


Innate Abilities, Weirdness & Mutations

You do not eat or drink.
Your flesh is vulnerable to fire.
You are immune to poison.
Your flesh is cold resistant. (rC+)
You are immune to negative energy. (rN+++)
You are immune to unholy pain and torment.
You can survive without breathing.


Message History

Found a ration.
You see here a ring mail.
d - a ring mail A wretched star comes into view.
Found 11 gold pieces and a spear.
A deep elf sorcerer comes into view. It is wielding a -1 dagger.
Unknown command.
Found a runed robe and 8 gold pieces.
Found 10 gold pieces and a scroll labeled CAUGO ISAERGH.
Tentacles burst from the starspawn's body! 2 starspawn tentacles come into view.
The starspawn tentacle barely misses you.
A shadow imp comes into view.
The starspawn tentacle grabs you. The starspawn tentacle constricts you.
The starspawn tentacle's grasp on you weakens, but your attempt to escape fails.
The shadow imp shouts, "Out, out, thou peaked ignitable codpiece!"
The starspawn tentacle loses its grip on you.
The tentacle pulls you backwards! The starspawn tentacle grabs you.
The starspawn tentacle constricts you.
You escape the starspawn tentacle's grasp.
The starspawn tentacle closely misses you.
A tentacle flies out from the starspawn's body!
A starspawn tentacle comes into view.
Found 11 gold pieces.
A raiju comes into view.
The shadow imp grins evilly.
A tentacle flies out from the starspawn's body!
A starspawn tentacle comes into view.
A starcursed mass comes into view.
The starcursed mass shrieks in your mind.
A starcursed mass splits.
A hellephant comes into view.
A starcursed mass splits.
A starcursed mass splits.
A starcursed mass splits. x2
The hellephant trumpets!
The raiju bursts into living lightning!
The living lightning hits you!
Ouch! That really hurt!
You die...

...§....§..§§§§.....§§ §
. §...§.#.#§§§.#Y.§§.
.§..#§.....§........§§ .
§..§§.§§....§#......#...
.§..§§§........§§#.#...
§..D§§.#§...§§§...§....
§. #§§§.§#§.h...§§§.§..
§.§X..§..D....§.§§§§§
§§....§#.§.5..§.@..§#
..§......§..X.§.§§.§§
§...§.....§.§..§...#§#
...§ #.....§X....§...§
..#.§§§.XX.X.....§#..§.
.#...§ #.#§§...#...§§§..
#§§ §§...§.....§#§..§. .
. §.....§.....§...§#.
.§§ §.§ .§.§........


You could see a bone dragon, 3 starcursed masses, a raiju and a shadow imp.

Vanquished Creatures (others)
  6 starspawn tentacles (Abyss:1)
6 creatures vanquished.

Notes
Turn   | Place    | Note
-------+----------+-------------------------------------------
     0 | Abyss:1  | glosham the Mummy Abyssal Knight began the quest for the
                  | Orb.
     0 | Abyss:1  | Reached XP level 1. HP: 18/18 MP: 2/2
    29 | Abyss:1  | Noticed a wretched star
    39 | Abyss:1  | Noticed a deep elf sorcerer
    51 | Abyss:1  | Noticed a tentacled starspawn
    51 | Abyss:1  | Noticed a bone dragon
    64 | Abyss:1  | Noticed a raiju
    68 | Abyss:1  | Noticed a starcursed mass
    72 | Abyss:1  | Noticed a hellephant
    77 | Abyss:1  | Killed from afar by a raiju

Levels and vault maps discovered:
Abyss:1

Action                   || total
-------------------------++-------
  Use: Scroll            ||     1
Dodge: Dodged            ||     2

Table legend:
 A = Turns spent in this place as a percentage of turns spent in the entire game.
 B = Non-inter-level travel turns spent in this place as a percentage of non-inter-level travel turns spent in the entire game.
 C = Inter-level travel turns spent in this place as a percentage of turns spent in this place.
 D = Turns resting spent in this place as a percentage of non-inter-level travel turns spent in this place.
 E = Turns spent auto-exploring this place as a percentage of non-inter-level travel turns spent in this place.
 F = Non-inter-level travel turns spent in this place divided by the number of levels of this place that you've seen.
                   A       B       C       D       E      F
               +-------+-------+-------+-------+-------+----------------------
         Total | 100.0 | 100.0 |   0.0 |   0.0 |   0.0 |  77.0
         Abyss | 100.0 | 100.0 |   0.0 |   0.0 |   0.0 |  77.0
               +-------+-------+-------+-------+-------+----------------------

Levels and vault maps discovered:
Abyss:1
